 Dungeon Crawl Stone Soup version 0.29.0-4-gdea44cf6ec (webtiles) character file.

Game seed: 5939081318735330291

28 qw the Chopper (level 3, -9/29 HPs)
             Began as a Barachi Chaos Knight on Sept 6, 2022.
             Mangled by an orange demon (10 damage)
             ... summoned by Xom
             ... on level 1 of the Dungeon.
             The game lasted 00:00:22 (1064 turns).

qw the Chopper (Barachi Chaos Knight)               Turns: 1064, Time: 00:00:23

Health: -9/29      AC:  5    Str: 15    XL:     3   Next: 14%
Magic:  3/3        EV: 11    Int: 12    God:
Gold:   63         SH:  0    Dex: 11    Spells: 2/2 levels left

rFire   . . .      SeeInvis .   a - +0 hand axe (chaos)
rCold   . . .      Faith    .   (no shield)
rNeg    . . .      Spirit   .   b - +2 leather armour
rPois   .          Reflect  .   (no helmet)
rElec   .          Harm     .   (no cloak)
rCorr   .          Rampage  .   (no gloves)
Will    .....                   (no boots)
Stlth   +.........              (no amulet)
HPRegen 0.09/turn               (no ring)
MPRegen 0.08/turn               (no ring)

@: slow
A: amphibious, slowness 1, strong legs 1, +LOS
a: Hop


You were on level 1 of the Dungeon.
You visited 1 branch of the dungeon, and saw 1 of its levels.

You collected 63 gold pieces.


Innate Abilities, Weirdness & Mutations

You are amphibious.
You cover ground slowly.
You can hop short distances.
You have an extended range of vision and can be seen from far away.


   Skills:
 - Level 3.6 Fighting
 + Level 4.6 Axes
 - Level 2.4 Armour
 - Level 1.1 Dodging


You had 2 spell levels left.
You didn't know any spells.
Your spell library was empty.

Inventory:

Hand Weapons
 a - a +0 hand axe of chaos (weapon)
 e - a +0 whip
Armour
 b - a +2 leather armour (worn)
 g - a +0 ring mail
Scrolls
 d - 3 scrolls of identify {unknown}
Potions
 f - 2 potions of attraction {unknown}
 h - a potion of mutation {unknown}
Miscellaneous
 c - a piece from Xom's chessboard (15/15)

Dungeon Overview and Level Annotations

Branches:
Dungeon (1/15)

Altars:


Message History

You kill the ball python!
Found a robe.
A ball python comes into view.
Found a scroll labelled PECAUN ZUSKA.
The ball python hisses angrily.
You closely miss the ball python.
The ball python bites you but does no damage.
The ball python grabs you. The ball python constricts you.
You closely miss the ball python. The ball python bites you.
The ball python constricts you.
You closely miss the ball python.
The ball python bites you but does no damage.
The ball python constricts you.
The ball python bites you but does no damage.
The ball python constricts you.
You closely miss the ball python.
The ball python bites you but does no damage.
The ball python constricts you.
You closely miss the ball python. The ball python closely misses you.
The ball python constricts you.
You hit the ball python.
The ball python is severely wounded.
The ball python bites you but does no damage.
The ball python constricts you.
You hit the ball python.
You kill the ball python!
You start resting.
You hear Xom's maniacal laughter.
An ice devil comes into view.
You hit the sun demon but do no damage. You hit the iron imp.
You hit the ice devil but do no damage.
Lightning courses through the ice devil!!
You completely miss the ice devil.
The ice devil is heavily wounded.
You barely miss the sun demon. You hit the iron imp. The sun demon hits you!
You are engulfed in flames!!
Ouch! That really hurt!
The ice devil hits you but does no damage.
The orange demon stings you from afar!
You die...

........
#.#############
........ #.# ###
...[.... #.# #..
........ #.# #..
?....... #.##
######<. ........
#%.# ##....#..
...43####.##
#..####.. #435#
#..###.## ### #@#
##.....# #.# #4#
##..### #.# #4##
#..#######.# #..##
#..........#
#...####.####.....
#.#..###......##..
#.##.#...#######.#
#.##...#.### #.#
#.#..#.#...## #.#


You could see a sun demon (summoned), an orange demon (summoned), 2 ice devils,
a rust devil (summoned), a ynoxinul (summoned) and an iron imp (summoned).

Vanquished Creatures
  A dart slug (D:1)
  4 bats (D:1)
  2 endoplasms (D:1)
  3 goblins (D:1)
  2 hobgoblins (D:1)
  2 jackals (D:1)
  4 ball pythons (D:1)
  2 frilled lizards (D:1)
  3 kobolds (D:1)
  A rat (D:1)
24 creatures vanquished.

Vanquished Creatures (others)
  3 fungi (D:1)
  9 plants (D:1)
12 creatures vanquished.

Grand Total: 36 creatures vanquished

Notes
Turn   | Place    | Note
-------+----------+-------------------------------------------
     0 | D:1      | qw the Barachi Chaos Knight began the quest for the Orb.
     0 | D:1      | Reached XP level 1. HP: 18/18 MP: 1/1
     0 | D:1      | 0 ||| qw: Version: 0.1-a-108-g9e35731
     0 | D:1      | 0 ||| qw: Game counter: 6404
     0 | D:1      | 0 ||| qw: Always use a shield: true
     0 | D:1      | 0 ||| qw: God list: Okawaru
     0 | D:1      | 0 ||| qw: Allow faded altars: false
     0 | D:1      | 0 ||| qw: Do Orc after D:15 true
     0 | D:1      | 0 ||| qw: Do second Lair branch before Depths: true
     0 | D:1      | 0 ||| qw: Lair rune preference: random
     0 | D:1      | 0 ||| qw: Plans: Normal
     0 | D:1      | 0 ||| PLANNING D:1-11
     0 | D:1      | Fell from the grace of Xom
   117 | D:1      | XOM: 1-stop teleportation journey
   302 | D:1      | Found a faded altar of an unknown god.
   313 | D:1      | Reached XP level 2. HP: 17/24 MP: 2/2
   485 | D:1      | 485 ||| Stepping ~*~*~tactically~*~*~ (stealth).
   496 | D:1      | Reached skill level 4 in Axes
   794 | D:1      | Reached XP level 3. HP: 29/29 MP: 3/3
   804 | D:1      | 804 ||| Stepping ~*~*~tactically~*~*~ (stealth).
   805 | D:1      | 805 ||| Stepping ~*~*~tactically~*~*~ (stealth).
  1062 | D:1      | XOM: summons 7 hostile demons
  1063 | D:1      | Noticed an ice devil
  1063 | D:1      | Noticed a sun demon
  1063 | D:1      | Noticed a rust devil
  1063 | D:1      | Noticed an orange demon
  1063 | D:1      | Noticed an ice devil
  1063 | D:1      | Noticed a ynoxinul
  1064 | D:1      | HP: 1/29 [sun demon[Xom] (18)]
  1064 | D:1      | Mangled by an orange demon

Levels and vault maps discovered:
D:1:      dpeg_arrival_signposts, layout_rooms,
          shapermc_ecumenical_altar_mp_ritualfount,
          ebering_dispersal_statue_hall

Skill      XL: |  1  2 |
---------------+-------+-----
Axes           | 4 |  4.6
Fighting       | |  3.6
Armour         | |  2.4
Dodging        | |  1.1

Action                   || total
-------------------------++-------
Melee: Hand axe          ||    69
Invok: Renounce Religion ||     1
Armor: Leather armour    ||    21
Dodge: Dodged            ||    36

Table legend:
 A = Non-vault XP
 B = Vault XP
 C = Vault XP percentage of total XP
 D = Non-vault monster count
 E = Vault monster count
 F = Vault count percentage of total count
                 A         B        C        D         E       F
            +---------+---------+-------+---------+---------+-------
      Total |      41 |       0 |   0.0 |      24 |       0 |   0.0
            +---------+---------+-------+---------+---------+-------
        D:1 |      41 |       0 |   0.0 |      24 |       0 |   0.0
            +---------+---------+-------+---------+---------+-------
